 Dungeon Crawl Stone Soup version 0.27.0 (webtiles) character file.

Game seed: 8041468323232992093

6241 Raultor the Carver (level 10, -10/83 HPs)
             Began as a Demonspawn Fighter on July 30, 2021.
             Was a Follower of Makhleb.
             Mangled by a two-headed ogre (19 damage)
             ... on level 9 of the Dungeon on July 31, 2021.
             The game lasted 00:15:49 (9619 turns).

Raultor the Carver (Demonspawn Fighter)             Turns: 9619, Time: 00:15:49

Health: -10/83     AC: 14    Str: 25    XL:     10   Next: 62%
Magic:  12/12      EV: 10    Int: 15    God:    Makhleb [*.....]
Gold:   367        SH:  5    Dex: 12    Spells: 9/9 levels left

rFire    + . .     SeeInvis +   b - +11 scimitar of Eternal Vigilance {vorpal, Int+5 SInv}
rCold    . . .     Faith    .   t - +0 buckler
rNeg     . . .     Spirit   .   H - +1 scale mail "Ovienk" {rF+ Str+5}
rPois    .         Reflect  .   x - +2 hat
rElec    .         Harm     .   y - +0 cloak
rCorr    +         Rampage  .   f - +0 pair of gloves
Will     +....                  (no boots)
Stlth    ..........             (no amulet)
HPRegen  0.23/turn              R - ring of resist corrosion
MPRegen  0.13/turn              W - ring of willpower

@: on berserk cooldown, slowed, very slow
A: talons 2, icy blue scales 2, ignite blood 1
a: Renounce Religion


You were on level 9 of the Dungeon.
You worshipped Makhleb.
Makhleb was aware of your devotion.
You visited 2 branches of the dungeon, and saw 10 of its levels.

You collected 479 gold pieces.
You spent 112 gold pieces at shops.


Innate Abilities, Weirdness & Mutations

You have razor-sharp toenails.
You are mostly covered in icy blue scales. (AC +3)
Your demonic aura sometimes causes spilled blood to erupt in flames.


   Skills:
 + Level 9.3 Fighting
 * Level 11.3 Long Blades
 - Level 2.7 Armour
 - Level 5.4 Shields
 * Level 3.0 Invocations


You had 9 spell levels left.
You didn't know any spells.
Your spell library contained the following spells:

 Spells                   Type           Power      Damage    Failure   Level
 Animate Skeleton         Necr           0%         N/A       54%         1
 Apportation              Tloc           0%         N/A       54%         1
 Corona                   Hex            0%         N/A       54%         1
 Sting                    Tmut/Pois      0%         1d3       54%         1
 Summon Small Mammal      Summ           0%         N/A       54%         1
 Poisonous Vapours        Pois/Air       0%         N/A       67%         2
 Gell's Gravitas          Tloc           0%         N/A       88%         3
 Lesser Beckoning         Tloc           0%         N/A       88%         3
 Teleport Other           Tloc           0%         N/A       88%         3
 Olgreb's Toxic Radiance  Pois           0%         N/A       99%         4

Inventory:

Hand Weapons
 a - a +0 long sword
 b - the +11 scimitar of Eternal Vigilance (weapon) {vorpal, Int+5 SInv}
   (You found it on level 4 of the Dungeon)

   It inflicts extra damage upon your enemies.
   Int:       It affects your intelligence (+5).
   SInv:      It lets you see invisible.
 w - a +2 short sword of freezing
Missiles
 u - a throwing net (quivered) {=f}
Armour
 c - a +0 kite shield
 f - a +0 pair of gloves (worn)
 o - a +3 chain mail
 t - a +0 buckler (worn)
 x - a +2 hat (worn)
 y - a +0 cloak (worn)
 H - the +1 scale mail "Ovienk" (worn) {rF+ Str+5}
   (You found it on level 8 of the Dungeon)

   Str:       It affects your strength (+5).
   rF:        It protects you from fire.
Magical Staves
 l - a staff of fire {!a}
Jewellery
 F - a ring of fire
 J - an amulet of regeneration
 R - a ring of resist corrosion (left hand)
 W - a ring of willpower (right hand)
Wands
 n - a wand of iceblast (6)
 L - a wand of paralysis (3)
Scrolls
 e - a scroll of immolation {unknown}
 g - 3 scrolls of enchant armour {unknown}
 i - 3 scrolls of teleportation {unknown}
 k - a scroll of magic mapping {unknown}
 p - 10 scrolls of identify {unknown}
 q - a scroll of silence {unknown}
 r - 3 scrolls of fear {unknown}
 D - 3 scrolls of amnesia {unknown}
 E - a scroll of summoning {unknown}
 K - a scroll of enchant weapon {unknown}
Potions
 d - 2 potions of might
 h - a potion of ambrosia {unknown}
 j - 5 potions of curing {@q1}
 m - a potion of cancellation {unknown}
 s - a potion of mutation
 v - a potion of invisibility {unknown}
 z - a potion of berserk rage {!q}
 A - a potion of haste {unknown}
 B - a potion of degeneration {unknown}
 G - a potion of flight {unknown}
 I - a potion of heal wounds {unknown}
Miscellaneous
 C - a lightning rod (4/4)

Dungeon Overview and Level Annotations

Branches:
Dungeon (9/15)             Temple (1/1) D:4
   Lair: D:8-11         Orc: D:9-12

Altars:
Ashenzari
Cheibriados
Dithmenos
Elyvilon
Fedhas
Hepliaklqana
Kikubaaqudgha
Makhleb
Nemelex Xobeh
Okawaru
Qazlal
Ru
Sif Muna
Vehumet
Wu Jian
Xom
Yredelemnul
Zin
The Shining One
Lugonu

Shops:
D:4 :(*:

Annotations:
D:6 2 runed translucent doors

#.?.≈≈≈.##.#
...c≈≈≈≈.#.#
..c≈≈≈≈≈.<.#
..c≈≈≈≈≈.### #
.c≈≈≈≈≈≈.## #.
≈≈≈≈≈≈≈≈..## ..
≈≈≈≈≈≈≈....## .##
≈≈≈≈........####...#..
≈.+.........'.@O......
#.$......$####○..#..
.......(..## ..#
.####.....## .#
##...## # ##+##


You could see a two-headed ogre.


Message History

The centaur shoots an arrow.
The arrow hits you!
* * * LOW HITPOINT WARNING * * *
The centaur shoots an arrow.
The arrow barely misses you.
The centaur shoots an arrow.
The arrow hits you but does no damage.
The centaur shoots an arrow.
The arrow hits you but does no damage.
The centaur shoots an arrow.
The arrow hits you.
* * * LOW HITPOINT WARNING * * *
You open the door.
There is an open door here.
A two-headed ogre comes into view.
It is wielding a +0 giant club and a +0 giant spiked club.
The two-headed ogre shouts in stereo!
It was a potion of berserk rage.
A red film seems to cover your vision as you go berserk!
You feel yourself moving faster!
You feel mighty!
You feel a strong urge to attack something.
You feel your anger nearly subside.
You are no longer berserk.
You are exhausted.
You feel yourself slow down.
You closely miss the two-headed ogre. Your kick misses the two-headed ogre.
The two-headed ogre hits you with a +0 giant club!!
* * * LOW HITPOINT WARNING * * *
The two-headed ogre hits you with a +0 giant spiked club!
* * * LOW HITPOINT WARNING * * *
Unknown command.
You slash the two-headed ogre! You claw the two-headed ogre!
The two-headed ogre is moderately wounded.
You block the two-headed ogre's attack.
The two-headed ogre hits you with a +0 giant spiked club!!
You die...

Skill      XL: |  1  2  3  4  5  6  7  8  9 10 |
---------------+-------------------------------+-----
Long Blades    | 2 3 4 5 6 8 10 11 | 11.3
Shields        | 3 4 5 |  5.4
Fighting       | 4 5 6 8 9 |  9.3
Invocations    | 3 |  3.0
Armour         | |  2.7

Action                   |  1- 3 |  4- 6 |  7- 9 | 10-12 || total
-------------------------+-------+-------+-------+-------++-------
Melee: Long sword        |   120 |   200 |     2 |       ||   322
       Kick              |    15 |    51 |    47 |    32 ||   145
       Scimitar          |       |       |   157 |   104 ||   261
  Use: Potion            |       |     2 |     1 |     1 ||     4
Armor: Scale mail        |    56 |    96 |       |    36 ||   188
       Chain mail        |       |    25 |    98 |    24 ||   147
Dodge: Dodged            |    33 |    69 |    56 |    54 ||   212
Block: Kite shield       |    67 |    95 |     9 |       ||   171
       Buckler           |       |       |    31 |    20 ||    51
       Rpst.: Long sword |     8 |    25 |       |       ||    33
       Scimitar          |       |       |    14 |    14 ||    28

Levels and vault maps discovered:
D:1:      dpeg_arrival_shelter, layout_loops_ring,
          hellmonk_ecumenical_altar_zigzags, st_stairs_6, supply_closet_lemuel,
          chequers_serial_rivers_micro_a, minmay_cut_off
D:2:      layout_loops_corners, minmay_worlds_worst_comb, uniq_jessica
D:3:      layout_basic, nicolae_dithmenos_shadow_blocks, solitary_fountain,
          grunt_decor_fettered, uniq_natasha, uniq_robin
D:4:      layout_basic, nemelex_dance_club_becter,
          minmay_temple_entry_purple_smoke, serial_shops, kennysheep_little_box,
          nicolae_shop_competitors_out_of_business, shop, shop,
          chequers_decorated_corner
D:5:      layout_basic, nicolae_ashenzari_panopticon, serial_bayou_ford_a,
          minivault_19, kennysheep_generic_room_4
D:6:      layout_cave_pods, lemuel_doored_altar, lemuel_coloured_pillars_altar,
          minmay_hollow_rounded_squares, uniq_blork_the_orc
D:7:      layout_rooms, nicolae_ru_sacrificial_ziggurat
D:8:      layout_basic, nzn_wu_jian_council_hall, old_standard_altar,
          mainiacjoe_overflow_divided_tiny, uniq_prince_ribbit1
D:9:      layout_loops_corners, grunt_gozag_breadcrumbs,
          trog_three_pillars_becter, mainiacjoe_overflow_alcove_2, serial_shops,
          shop, centaur_isle
Temple:   corrupted_temple

Notes
Turn   | Place    | Note
-------+----------+-------------------------------------------
     0 | D:1      | Raultor the Demonspawn Fighter began the quest for the Orb.
     0 | D:1      | Reached XP level 1. HP: 18/18 MP: 1/1
   133 | D:1      | Reached skill level 2 in Long Blades
   145 | D:1      | Gained mutation: Your demonic aura sometimes causes spilled
                  | blood to erupt in flames. [demonic ancestry]
   145 | D:1      | Reached XP level 2. HP: 21/24 MP: 2/2
   772 | D:1      | Reached skill level 3 in Shields
   837 | D:1      | Gained mutation: You have sharp toenails. [demonic
                  | ancestry]
   837 | D:1      | Reached XP level 3. HP: 25/29 MP: 3/3
  1013 | D:1      | Found a faded altar of an unknown god.
  1411 | D:2      | Noticed Jessica
  1417 | D:2      | Killed Jessica
  1418 | D:2      | Reached skill level 3 in Long Blades
  1418 | D:2      | Gained mutation: You have razor-sharp toenails. [demonic
                  | ancestry]
  1418 | D:2      | Reached XP level 4. HP: 31/35 MP: 4/4
  2360 | D:3      | Gained mutation: You are partially covered in icy blue
                  | scales. (AC +2) [demonic ancestry]
  2360 | D:3      | Reached XP level 5. HP: 33/42 MP: 5/5
  2447 | D:3      | Found a shadowy altar of Dithmenos.
  2457 | D:3      | Noticed Natasha
  2463 | D:3      | Killed Natasha
  2631 | D:3      | Noticed Natasha
  2641 | D:3      | Killed Natasha
  2642 | D:3      | Reached skill level 4 in Fighting
  2923 | D:3      | Noticed Natasha
  2930 | D:3      | Killed Natasha
  2931 | D:3      | Reached skill level 4 in Long Blades
  3020 | D:3      | Noticed Robin
  3318 | D:3      | Killed Robin
  3453 | D:4      | Found Plog's Weapon Shoppe.
  3491 | D:4      | Reached XP level 6. HP: 48/48 MP: 6/6
  3654 | D:4      | Reached skill level 4 in Shields
  3840 | D:4      | Found Timesuyn's Book Boutique.
  3873 | D:4      | Identified the +11 scimitar of Eternal Vigilance {vorpal,
                  | Int+5 SInv}
  3910 | D:4      | Reached skill level 5 in Long Blades
  3910 | D:4      | Reached XP level 7. HP: 53/55 MP: 7/7
  3933 | D:4      | Found Motz's Book Boutique.
  3989 | D:4      | Found a staircase to the Ecumenical Temple.
  4001 | D:4      | Found Tevaej's General Store.
  4006 | Temple   | Entered the Ecumenical Temple
  4055 | D:4      | Bought a potion of mutation for 112 gold pieces
  4117 | D:4      | Found a sparkling altar of Nemelex Xobeh.
  4437 | D:5      | Entered Level 5 of the Dungeon
  4612 | D:5      | Reached skill level 5 in Fighting
  4783 | D:5      | Reached skill level 6 in Long Blades
  4788 | D:5      | Reached skill level 5 in Shields
  4790 | D:5      | Reached XP level 8. HP: 43/63 MP: 8/8
  5294 | D:5      | Found a broken altar of Ashenzari.
  5772 | D:6      | Found a large runed translucent door.
  5773 | D:6      | Found a large runed translucent door.
  5774 | D:6      | Noticed a two-headed ogre
  5777 | D:6      | Found a large runed translucent door.
  5777 | D:6      | Found a large runed translucent door.
  5790 | D:6      | Killed a two-headed ogre
  5791 | D:6      | Reached skill level 6 in Fighting
  5791 | D:6      | Reached skill level 8 in Long Blades
  5791 | D:6      | Gained mutation: You are mostly covered in icy blue scales.
                  | (AC +3) [demonic ancestry]
  5791 | D:6      | Reached XP level 9. HP: 63/71 MP: 9/9
  5949 | D:6      | Noticed Blork the orc
  5955 | D:6      | Killed Blork the orc
  5956 | D:6      | Reached skill level 7 in Fighting
  6310 | D:6      | Found a snail-covered altar of Cheibriados.
  6472 | D:6      | Reached skill level 9 in Long Blades
  6905 | D:6      | Reached skill level 8 in Fighting
  7194 | D:7      | Reached skill level 10 in Long Blades
  7404 | D:7      | Reached XP level 10. HP: 40/81 MP: 10/10
  7740 | D:7      | Found a sacrificial altar of Ru.
  8124 | D:8      | Identified the +1 scale mail "Ovienk" {rF+ Str+5}
  8175 | D:8      | Noticed Prince Ribbit
  8191 | D:8      | Killed Prince Ribbit
  8342 | D:8      | Found an iron altar of Okawaru.
  8342 | D:8      | Found a burning altar of Makhleb.
  8352 | D:8      | Noticed a two-headed ogre
  8357 | D:8      | Killed a two-headed ogre
  8358 | D:8      | Reached skill level 9 in Fighting
  8358 | D:8      | Reached skill level 11 in Long Blades
  8372 | D:8      | Became a worshipper of Makhleb the Destroyer
  8667 | D:8      | Found an ancient bone altar of Kikubaaqudgha.
  8822 | D:9      | Reached skill level 1 in Invocations
  8939 | D:8      | Reached * piety under Makhleb
  9007 | D:8      | Reached skill level 2 in Invocations
  9212 | D:8      | Reached skill level 3 in Invocations
  9570 | D:8      | Found an ornate altar of the Wu Jian Council.
  9611 | D:9      | Noticed a two-headed ogre
  9618 | D:9      | HP: 8/83 [two-headed ogre (10)]
  9619 | D:9      | Mangled by a two-headed ogre

Vanquished Creatures
  2 two-headed ogres
  Prince Ribbit (D:8)
  A yak (D:6)
  4 steam dragons
  4 acid dragons
  4 black bears
  2 orc warriors
  An ice beast (D:5)
  4 ogres
  A centaur (D:6)
  A phantom (D:6)
  Blork the orc (D:6)
  3 kobold brigands
  3 bullfrogs
  2 gnoll sergeants
  A water moccasin zombie (D:7)
  A water moccasin skeleton (D:5)
  6 killer bees (D:8)
  3 wights (D:6)
  3 howler monkeys
  3 centaur zombies
  A bullfrog zombie (D:5)
  3 hounds
  3 jellies (D:6)
  A centaur skeleton (D:7)
  A gnoll shaman (D:9)
  4 orc priests
  A bullfrog skeleton (D:5)
  Jessica (D:2)
  6 iguanas
  5 orc wizards
  Natasha (thrice) (D:3)
  Robin (D:3)
  15 gnolls
  A howler monkey skeleton (D:6)
  7 adders
  A shadow imp (D:8)
  2 white imps
  3 ufetubi
  An adder skeleton (D:4)
  2 dart slugs
  29 orcs
  4 ball pythons
  5 bats
  5 endoplasms
  11 giant cockroaches
  21 goblins
  10 hobgoblins
  15 jackals
  7 quokkas
  4 frilled lizards
  24 kobolds
  4 rats
252 creatures vanquished.

Table legend: (Time is in decaauts)
 A = Elapsed time spent in this place.
 B = Non-inter-level travel time spent in this place.
 C = Inter-level travel time spent in this place.
 D = Time resting spent in this place.
 E = Time spent auto-exploring this place.
 F = Levels seen in this place.
 G = Mean time per level.
                   A        B        C        D        E       F      G
               +--------+--------+--------+--------+--------+-----+--------+
         Total |   9787 |   9576 |    211 |      0 |   8030 |  10 |  978.7 |
       Dungeon |   9748 |   9548 |    200 |      0 |   8003 |   9 | 1083.1 |
        Temple |     39 |     28 |     11 |      0 |     26 |   1 |   39.0 |
               +--------+--------+--------+--------+--------+-----+--------+

Top non-repeatable levels by time:
     D:6: 1544 daAuts
     D:8: 1303 daAuts
     D:3: 1289 daAuts
     D:1: 1237 daAuts
     D:5: 1222 daAuts
     D:2: 1047 daAuts
     D:4: 987 daAuts
     D:7: 892 daAuts
     D:9: 223 daAuts
  Temple: 39 daAuts

Table legend:
 A = Non-vault XP
 B = Vault XP
 C = Vault XP percentage of total XP
 D = Non-vault monster count
 E = Vault monster count
 F = Vault count percentage of total count
                 A         B        C        D         E       F
            +---------+---------+-------+---------+---------+-------
      Total |    6334 |    2583 |  29.0 |     209 |      43 |  17.1
            +---------+---------+-------+---------+---------+-------
        D:1 |      46 |       9 |  16.4 |      26 |       4 |  13.3
        D:2 |      61 |      47 |  43.5 |      26 |       6 |  18.8
        D:3 |     138 |      71 |  34.0 |      21 |      14 |  40.0
        D:4 |     484 |       5 |   1.0 |      33 |       2 |   5.7
        D:5 |     860 |     104 |  10.8 |      23 |       2 |   8.0
        D:6 |     921 |    2070 |  69.2 |      16 |      14 |  46.7
        D:7 |    1217 |       0 |   0.0 |      23 |       0 |   0.0
        D:8 |    2461 |     277 |  10.1 |      35 |       1 |   2.8
        D:9 |     146 |       0 |   0.0 |       6 |       0 |   0.0
            +---------+---------+-------+---------+---------+-------
